 Dungeon Crawl Stone Soup version 0.21-a0-442-g848f44b (webtiles) character file.

1539 tof the Carver (level 8, -2/71 HPs)
             Began as a Minotaur Berserker on Nov 15, 2017.
             Was an Elder of Trog.
             Slain by a slave (3 damage)
             ... led by Pikel
             ... on level 5 of the Dungeon.
             The game lasted 00:08:45 (5029 turns).

tof the Carver (Minotaur Berserker)                 Turns: 5029, Time: 00:08:45

Health: -2/71      AC: 10    Str: 22    XL:     8   Next: 56%
Magic:  7/7        EV: 14    Int:  4    God:    Trog [****..]
Gold:   151        SH:  0    Dex: 12    Spells: 7/7 levels left

rFire    . . .     SeeInvis .   q - -1 hunting sling (curse)
rCold    . . .     Gourm    .   (no shield)
rNeg     . . .     Faith    .   s - +2 leather armour {rPois}
rPois    +         Spirit   .   (helmet restricted)
rElec    .         Reflect  .   l - +0 cloak
rCorr    .         Harm     .   v - +2 pair of gloves
MR       .....     Rnd*Tele +   (no boots)
Stlth    +.........             C - amulet of inaccuracy (curse)
HPRegen  0.21/turn              j - ring of teleportation (curse)
MPRegen  0.10/turn              (no ring)

@: no status effects
A: retaliatory headbutt, horns 2
a: Berserk, Trog's Hand, Brothers in Arms, Burn Spellbooks, Renounce Religion


You were on level 5 of the Dungeon.
You worshipped Trog.
Trog was greatly pleased with you.
You were hungry.

You visited 1 branch of the dungeon, and saw 6 of its levels.

You collected 151 gold pieces.

Inventory:

Hand Weapons
 a - a +0 falchion
 q - a cursed -1 hunting sling (weapon)
 y - a +0 long sword
Missiles
 w - 35 sling bullets (quivered)
 x - 4 needles of confusion
Armour
 l - a +0 cloak (worn)
 s - a +2 leather armour of poison resistance (worn)
 v - a +2 pair of gloves (worn)
Jewellery
 j - a cursed ring of teleportation (left hand)
 C - a cursed amulet of inaccuracy (around neck)
Wands
 r - a wand of confusion (19/48)
 B - a wand of flame (10/48)
Scrolls
 h - a scroll of immolation
 o - 2 scrolls of magic mapping
 p - 2 scrolls of enchant armour
 z - a scroll of teleportation
 A - a scroll of fog
Potions
 b - a potion of ambrosia {unknown}
 d - a potion of lignification {unknown}
 e - 2 potions of haste {unknown}
 f - a potion of flight {unknown}
 g - 3 potions of curing {unknown}
 m - a potion of magic {unknown}
 n - a potion of mutation {unknown}
 u - 2 potions of heal wounds {unknown}
Comestibles
 c - 3 bread rations
 i - 4 royal jellies
 t - 6 fruits


   Skills:
 + Level 6.8 Fighting
 * Level 9.0 Long Blades
 + Level 6.2 Armour
 + Level 5.6 Dodging


You had 7 spell levels left.
You didn't know any spells.

Dungeon Overview and Level Annotations

Branches:
Dungeon (6/15)             Temple (0/1) D:4

Altars:
Cheibriados
Dithmenos
Elyvilon
Qazlal
Uskayaw
Vehumet
Xom
Yredelemnul
Zin

Annotations:
D:6 Pikel


Innate Abilities, Weirdness & Mutations

You reflexively headbutt those who attack you in melee.
You have a pair of horns on your head.


Message History

The slave hits you!
* * * LOW HITPOINT WARNING * * *
The slave hits you but does no damage.
You closely miss the slave.
The slave is lightly wounded.
The slave hits you.
* * * LOW HITPOINT WARNING * * *
You miss the slave.
You headbutt the slave, but do no damage.
The slave is lightly wounded.
The slave hits you but does no damage. The slave barely misses you.
You closely miss the slave.
The slave is lightly wounded.
The slave closely misses you.
You barely miss the slave.
The slave is lightly wounded.
The slave hits you.
* * * LOW HITPOINT WARNING * * *
The slave hits you.
You die...

###########.#### #.........#.#
'..............# #.........#.###
###########.##.# #######........
# #.##.# #...####.#.... #######
#.##.# #...# #.#.... ......#
#.##(#####...####.#.#.. ....(.#
#..#.#...#..........#.#
......######.#.#.#.#...####.#.#.#
................@#.#...# #.#.#.#
##.........##..#p#.###.# #.#...#
##...................#.# #.....#
.#............##.#...#.######.#.#
.#....##.......#.#...#..........#
.......#.......#.#...#..#####....
.#.....#.......#.....#..##<#####.
.#.....#........#....#..##.# #.
##..####......#.#.####..##.#####.


You could see a slave.

Vanquished Creatures
  Sigmund (D:5)
  The ghost of p0werm0de the Digger, an amateur OpEE (D:4)
  A sky beast (D:5)
  A phantom (D:3)
  5 ogres
  Blork the orc (D:5)
  2 scorpions
  A bullfrog zombie (D:5)
  A bullfrog skeleton (D:4)
  3 hounds
  An orc wizard (D:5)
  Ijyb (D:3)
  3 worker ants
  A killer bee zombie (D:5)
  Robin (D:2)
  A worker ant zombie (D:5)
  4 gnolls (D:4)
  A howler monkey skeleton (D:4)
  3 adders
  An ooze (D:1)
  2 worms (D:3)
  2 dart slugs
  2 leopard geckos
  14 orcs
  3 bats
  8 giant cockroaches
  20 goblins
  10 hobgoblins
  7 jackals (D:3)
  5 kobolds (D:1)
  2 quokkas
  2 ball pythons
  7 frilled lizards
  A leopard gecko skeleton (D:4)
  2 quokka skeletons (D:4)
  11 rats
132 creatures vanquished.

Vanquished Creatures (others)
  A quokka (D:3)
1 creature vanquished.

Grand Total: 133 creatures vanquished

Notes
Turn   | Place    | Note
-------+----------+-------------------------------------------
     0 | D:1      | tof the Minotaur Berserker began the quest for the Orb.
     0 | D:1      | Reached XP level 1. HP: 19/19 MP: 0/0
    19 | D:1      | Found a snail-covered altar of Cheibriados.
   260 | D:1      | Reached XP level 2. HP: 27/27 MP: 1/1
   275 | D:1      | Reached skill level 4 in Long Blades
   684 | D:1      | Reached ** piety under Trog
   684 | D:1      | Reached XP level 3. HP: 29/33 MP: 2/2
  1017 | D:2      | Found a basalt altar of Yredelemnul.
  1371 | D:2      | Found a shimmering altar of Xom.
  1371 | D:2      | Found a shimmering altar of Xom.
  1371 | D:2      | Found a shimmering altar of Xom.
  1372 | D:2      | Found a shimmering altar of Xom.
  1372 | D:2      | Found a shimmering altar of Xom.
  1388 | D:2      | Noticed Robin
  1397 | D:2      | Killed Robin
  1397 | D:2      | Reached XP level 4. HP: 38/40 MP: 3/3
  1844 | D:2      | Found a shadowy altar of Dithmenos.
  2293 | D:3      | Noticed Ijyb
  2293 | D:3      | Found a hide-covered altar of Uskayaw.
  2305 | D:3      | Reached *** piety under Trog
  2310 | D:3      | Killed Ijyb
  2315 | D:3      | Reached skill level 5 in Long Blades
  2378 | D:3      | Found a white marble altar of Elyvilon.
  2562 | D:3      | Found a faded altar of an unknown god.
  2696 | D:3      | Reached XP level 5. HP: 45/47 MP: 4/4
  2863 | D:4      | Noticed a phantom
  2865 | D:4      | Noticed p0werm0de's ghost (amateur OpEE)
  2911 | D:3      | Killed a phantom
  3129 | D:4      | Killed p0werm0de's ghost
  3129 | D:4      | Reached skill level 5 in Fighting
  3129 | D:4      | Reached skill level 6 in Long Blades
  3129 | D:4      | Reached XP level 6. HP: 56/56 MP: 5/5
  3177 | D:4      | Received a gift from Trog
  3188 | D:4      | Reached XP level 7. HP: 30/61 MP: 6/6
  3193 | D:4      | Reached skill level 7 in Long Blades
  3406 | D:4      | Found the +3 giant club "Skullcrusher" {speed, Str+7}
  3448 | D:4      | Reached skill level 5 in Armour
  3635 | D:4      | Found a staircase to the Ecumenical Temple.
  3903 | D:4      | Found a radiant altar of Vehumet.
  4004 | D:5      | Entered Level 5 of the Dungeon
  4004 | D:5      | Noticed Sigmund
  4012 | D:5      | Killed Sigmund
  4012 | D:5      | Reached skill level 8 in Long Blades
  4012 | D:5      | Reached skill level 5 in Dodging
  4012 | D:5      | Reached XP level 8. HP: 50/70 MP: 7/7
  4125 | D:5      | Found a stormy altar of Qazlal.
  4330 | D:5      | Reached **** piety under Trog
  4468 | D:5      | Noticed Blork the orc
  4483 | D:5      | Killed Blork the orc
  4925 | D:5      | Reached skill level 9 in Long Blades
  5019 | D:6      | Noticed Pikel
  5019 | D:6      | Found a glowing silver altar of Zin.
  5026 | D:5      | HP: 3/71 [slave[Pikel] (1)]
  5029 | D:5      | HP: 1/71 [slave[Pikel] (3)]
  5029 | D:5      | Slain by a slave

Vault maps used:
D:1:      lightli_molten_gateway, cheibriados_altar_1
D:2:      nicolae_overflow_hidden_temple, xom_redecorated,
          hangedman_decor_growths, yredelemnul_altar_generic, uniq_robin
D:3:      elyvilon_altar_4, eat_drink_and_be_merry_uskayaw,
          chequers_ecumenical_altar_simple_redux, uniq_ijyb
D:4:      vehumet_altar_wand_db, minmay_temple_entry_overgrown, minivault_23,
          eino_tiny_chamber, serial_park_tiny_2
D:5:      old_standard_altar, first_bread, hangedman_abyss_or_decor_passed,
          uniq_sigmund, uniq_blork_the_orc
D:6:      nicolae_overflow_crystal_walls, serial_shops, shop,
          lemuel_statue_altar, uniq_pikel

Skill      XL: |  1  2  3  4  5  6  7  8 |
---------------+-------------------------+-----
Long Blades    | 4 5 6 8 9 |  9.0
Fighting       | 4 5 6 |  6.8
Armour         | 3 4 5 6 |  6.2
Dodging        | 3 4 5 |  5.6

Action                   |  1- 3 |  4- 6 |  7- 9 || total
-------------------------+-------+-------+-------++-------
Melee: Falchion          |   108 |   120 |    11 ||   239
       Headbutt          |    14 |    26 |    25 ||    65
       Long sword        |       |       |    96 ||    96
       Hunting sling     |       |       |     9 ||     9
Invok: Berserk           |       |     2 |       ||     2
       Trog's Hand       |       |     2 |       ||     2
  Use: Scroll            |       |       |     5 ||     5
 Stab: Distracted        |       |       |     1 ||     1
  Eat: Chunk             |     2 |     7 |     6 ||    15
Armor: Animal skin       |     3 |       |       ||     3
       Ring mail         |    36 |    15 |       ||    51
       Leather armour    |       |    32 |    44 ||    76
Dodge: Dodged            |    66 |    72 |    81 ||   219
       Rpst.: Falchion   |    18 |    21 |     3 ||    42
       Long sword        |       |       |    26 ||    26

Table legend:
 A = Spawn XP
 B = Non-spawn XP
 C = Spawn XP percentage of total XP
 D = Spawn monster count
 E = Non-spawn monster count
 F = Spawn count percentage of total count
 G = Total turns spent on level
                    A         B        C        D         E        F      G
               +---------+---------+-------+---------+---------+-------+---------
         Total |       0 |    2199 |   0.0 |       0 |     132 |   0.0 |  5029
               +---------+---------+-------+---------+---------+-------+---------
           D:1 |       0 |      60 |   0.0 |       0 |      32 |   0.0 |   938
           D:2 |       0 |      55 |   0.0 |       0 |      22 |   0.0 |  1213
           D:3 |       0 |     216 |   0.0 |       0 |      28 |   0.0 |   958
           D:4 |       0 |     985 |   0.0 |       0 |      31 |   0.0 |   895
           D:5 |       0 |     883 |   0.0 |       0 |      19 |   0.0 |  1002
               +---------+---------+-------+---------+---------+-------+---------
